 Dungeon Crawl Stone Soup version 0.21-a0-621-gc60411f (webtiles) character file.

617372 Gorice the End of an Era (level 26, -29/224 HPs)
             Began as a Demonspawn Wanderer on Dec 19, 2017.
             Was the Champion of Qazlal.
             Annihilated by an enormous slime creature (58 damage)
             ... on level 5 of the Pits of Slime on Dec 23, 2017.
             The game lasted 07:12:31 (84443 turns).

Gorice the End of an Era (Demonspawn Wanderer)     Turns: 84443, Time: 07:12:31

Health: -29/224    AC: 31    Str: 29      XL:     26   Next: 93%
Magic:  38/38      EV: 23    Int: 20 (21) God:    Qazlal [******]
Gold:   7157       SH:  8    Dex: 19      Spells: 28/47 levels left

rFire    + + .     SeeInvis +   a - +6 lajatang of Disembowelment {slice, Str+7 SInv}
rCold    . . .     Gourm    .   (shield currently unavailable)
rNeg     + + .     Faith    +   M - +1 pearl dragon scales of Activism {rF+ rN+ MR+ Slay+3}
rPois    +         Spirit   .   (helmet unavailable)
rElec    .         Reflect  .   w - +2 cloak
rCorr    +         Harm     .   G - +2 pair of gloves {Dex+3}
MR       ++...                  u - +2 pair of boots
Stlth    ..........             T - amulet of faith {!P}
HPRegen  0.47/turn              C - ring of resist corrosion
MPRegen  0.26/turn              O - ring of Wuuvveoc {rPois Str+3 Slay+4}

@: mighty, protected from physical damage, corroded, repel missiles
A: antennae 3, hooves 1, molten scales 3, demonic guardian 3, negative energy
resistance 1, powered by pain 3, 50% torment resistance, no potion heal 1, black
mark
}: 3/15 runes: serpentine, barnacled, silver
a: Upheaval, Elemental Force, Disaster Area, Renounce Religion


You were on level 5 of the Pits of Slime.
You worshipped Qazlal.
Qazlal was exalted by your worship.
You were not hungry.

You visited 11 branches of the dungeon, and saw 53 of its levels.
You also visited: Labyrinth and Sewer.

You collected 10481 gold pieces.
You spent 3324 gold pieces at shops.

Inventory:

Hand Weapons
 a - the +6 lajatang of Disembowelment (weapon) {slice, Str+7 SInv}
   (You took it off a meliai on level 5 of the Lair of Beasts)

   It inflicts extra damage upon your enemies.
   It affects your strength (+7).
   It lets you see invisible.
Missiles
 I - 19 poisoned javelins (quivered)
 X - 33 javelins of penetration
Armour
 u - a +2 pair of boots (worn)
 w - a +2 cloak (worn)
 G - a +2 pair of gloves of dexterity (worn)
   (You bought it in a shop on level 3 of the Vaults)
 M - the +1 pearl dragon scales of Activism (worn) {rF+ rN+ MR+ Slay+3}
   (You found it in a labyrinth)

   It affects your accuracy and damage with ranged weapons and melee attacks
   (+3).
   It protects you from fire.
   It protects you from negative energy.
   It affects your resistance to hostile enchantments.
Jewellery
 c - an uncursed ring of ice
 e - the ring of the Devil's Team {rElec rF+ rC- rN++ Stlth+}
   (You took it off a fire giant on level 10 of the Dungeon)

   [ring of stealth]

   It protects you from fire.
   It makes you vulnerable to cold.
   It insulates you from electricity.
   It greatly protects you from negative energy.
   It makes you more stealthy.
 m - the ring "Tulez" {MR+ EV+3 Dex+4}
   (You took it off an orc knight on level 1 of the Depths)

   [ring of evasion]

   It affects your evasion (+3).
   It affects your dexterity (+4).
   It affects your resistance to hostile enchantments.
 C - a ring of resist corrosion (left hand)
 O - the ring of Wuuvveoc (right hand) {rPois Str+3 Slay+4}
   (You took it off a deep elf elementalist on level 3 of the Elven Halls)

   [ring of slaying]

   It affects your strength (+3).
   It affects your accuracy and damage with ranged weapons and melee attacks
   (+4).
   It protects you from poison.
 T - an amulet of faith (around neck) {!P}
Wands
 o - a wand of acid (28)
 q - a wand of enslavement (46)
 N - a wand of digging (6)
 R - a wand of clouds (6)
Scrolls
 d - 6 scrolls of blinking
 j - 6 scrolls of magic mapping {!r}
 k - 28 scrolls of remove curse
 x - 15 scrolls of teleportation {!r}
 z - 14 scrolls of identify
 D - 9 scrolls of fear {!r}
 H - 2 scrolls of fog
 P - 3 scrolls of summoning {!r}
Potions
 f - 8 potions of heal wounds {!q}
 g - 6 potions of agility {!q}
 h - 4 potions of mutation {!q}
 l - 25 potions of curing
 t - 6 potions of might {!q}
 v - 2 potions of invisibility {!q}
 A - 2 potions of haste {!q}
 E - a potion of magic {!q}
 J - 7 potions of resistance {!q}
 U - 4 potions of cancellation {!q}
Miscellaneous
 b - 2 boxes of beasts
 i - 3 phantom mirrors
Comestibles
 F - 82 rations


   Skills:
 - Level 22.0 Fighting
 - Level 14.0 Staves
 - Level 10.0 Throwing
 + Level 20.8 Armour
 - Level 16.0 Dodging
 - Level 1.7 Stealth
 - Level 11.0 Spellcasting
 + Level 6.5 Hexes
 - Level 6.0 Charms
 + Level 8.8 Summonings
 + Level 5.8 Necromancy
 - Level 6.0 Translocations
 + Level 6.4 Air Magic
 - Level 22.4 Invocations
 - Level 10.0 Evocations


You had 28 spell levels left.
You knew the following spells:

 Your Spells              Type           Power        Failure   Level  Hunger
l - Summon Lightning Spi  Summ/Air       #####...     4%          4    ##.....
p - Portal Projectile     Hex/Tloc       #####.       2%          3    None
w - Spectral Weapon       Hex/Chrm       #####...     2%          3    None
A - Apportation           Tloc           #####.       1%          1    None
B - Summon Butterflies    Summ           #####...     1%          1    None
J - Blink                 Tloc           N/A          1%          2    None
R - Regeneration          Chrm/Necr      ####......   2%          3    None
S - Swiftness             Chrm/Air       #####...     1%          2    None


Dungeon Overview and Level Annotations

Branches:
Dungeon (15/15)            Temple (1/1) D:5            Lair (6/6) D:10
 Shoals (4/4) Lair:3        Snake (4/4) Lair:4        Slime (5/5) Lair:5
    Orc (2/2) D:12            Elf (3/3) Orc:2        Vaults (5/5) D:14
  Crypt (3/3) Vaults:3       Tomb (0/3) Crypt:3      Depths (5/5) D:15
    Zot (0/5) Depths:5

Altars:
Ashenzari
Cheibriados
Dithmenos
Elyvilon
Fedhas
Gozag
Hepliaklqana
Kikubaaqudgha
Makhleb
Nemelex Xobeh
Okawaru
Qazlal
Ru
Sif Muna
Trog
Uskayaw
Vehumet
Wu Jian
Xom
Yredelemnul
Zin
The Shining One
Jiyva

Shops:
D:9 [   D:11 :   Orc:2 !*}?   Elf:1 [[:([   Elf:3 :   Snake:1 ==}[   Snake:2 *
Snake:3 }   Vaults:1 (((*   Vaults:3 [   Depths:2 *:([   Depths:3 ?:[

Portals:
Hell: Depths:1 Depths:2 Depths:3 Depths:4 Depths:5
Abyss: Depths:1 Depths:4
Pandemonium: Depths:2 Depths:3
Ziggurat: Depths:3

Annotations:
Slime:5 Royal Jelly
Elf:2 2 runed doors


Innate Abilities, Weirdness & Mutations

You have a pair of large antennae on your head. (SInv)
You are completely covered in molten scales. (AC +4, rF+)
A powerful demonic guardian rushes to your aid.
You resist negative energy. (rN+)
You are powered by pain.
You are somewhat able to resist unholy torments (1 in 2 success).
Your melee attacks may debilitate your foes.
You have large cloven feet.
Potions are less effective at restoring your health.


Message History

The azure jelly jiggles.
The slime creature completely misses you.
The slime creature is engulfed in freezing vapours.
Two slime creatures merge to form a very large slime creature.
Two slime creatures merge to form an enormous slime creature.
The death ooze is engulfed in blazing flames.
The acid blob completely misses you.
Unknown command.
You slash the enormous slime creature!
The enormous slime creature is moderately wounded.
The enormous slime creature is engulfed in blazing flames.
You block the enormous slime creature's attack.
The slime creature hits you!
* * * LOW HITPOINT WARNING * * *
Damage: 10 (max 29)
You slice the enormous slime creature!!
The enormous slime creature is heavily wounded.
The acid blob completely misses you.
The enormous slime creature is engulfed in blazing flames.
The enormous slime creature completely misses you.
You open the enormous slime creature like a pillowcase!!!
The enormous slime creature is severely wounded.
The acid blob completely misses you. The slime creature closely misses you.
You hit the enormous slime creature.
The enormous slime creature is almost dead.
The enormous slime creature is engulfed in blazing flames.
The enormous slime creature hits you!!!
* * * LOW HITPOINT WARNING * * *
You focus on the pain.
You feel very mighty all of a sudden.
You feel protected from physical attacks.
The acid blob hits you!
* * * LOW HITPOINT WARNING * * *
You are splashed with acid!
The acid burns!
You resist.
* * * LOW HITPOINT WARNING * * *
The slime creature barely misses you.
An azure jelly comes into view.
Damage: 84 (max 84) Unknown command.
Unknown command.
Unknown command.
Unknown command.
Unknown command.
Really quaff
f - 9 potions of heal wounds {!q}?
Your system partially rejects the healing.
You feel much better.
The acid blob hits you but does no damage.
The enormous slime creature is engulfed in blazing flames.
The enormous slime creature hits you!!!
You die...

.#...#.._.#...#.
...#........#...
#######..#######
##=$#[##.#:#[?##
#$$}%##JJ##))$!#
#$=/|$#{##?)φ|?#
##()=##JJ##?[%##
##?% ##J# [(##
##( #@J# ## #J##


JJ§ ..... ....... ......... ........... ............. You could see the Royal
Jelly, an acid blob, an azure jelly, an enormous slime creature, a slime
creature and 2 death oozes.

Vanquished Creatures
  Dissolution (Slime:1)
  A juggernaut (Depths:3)
  Sojobo (Depths:5)
  Bai Suzhen (Snake:3)
  Nikola (Snake:3)
  2 golden dragons
  Jory (Vaults:3)
  2 bone dragons (Depths:5)
  Jorgrun (Elf:3)
  6 tentacled monstrosities
  3 titans (Vaults:5)
  4 liches
  2 deep elf master archers (Elf:3)
  4 quicksilver dragons
  Asterion (Vaults:3)
  3 deep elf blademasters (Elf:3)
  A kraken (Shoals:4)
  Polyphemus (Shoals:2)
  19 acid blobs
  4 sphinxes
  An ancient champion (Crypt:1)
  Kirke (Snake:2)
  4 shadow dragons
  9 tengu reavers
  4 azure jellies
  3 revenants (Crypt:2)
  Roxanne (Elf:2)
  Ilsuiw (Shoals:3)
  10 fire giants
  A draconian scorcher (Depths:5)
  5 nagarajas (Snake:4)
  12 deep elf sorcerers
  12 frost giants
  An iron dragon (Vaults:4)
  25 vault wardens
  3 orc warlords
  Aizul (Snake:2)
  2 curse skulls (Crypt:2)
  29 very ugly things
  3 spriggan defenders (Depths:3)
  6 ghouls
  21 ironheart preservers
  4 deep elf elementalists (Elf:3)
  24 stone giants
  5 war gargoyles
  22 vampire knights
  3 entropy weavers
  8 deep elf demonologists
  2 red draconians (Depths:5)
  A purple draconian (Depths:5)
  A yellow draconian (Depths:5)
  14 deep elf annihilators
  7 spark wasps
  8 eidola
  12 merfolk javelineers
  15 ettins
  11 deep elf death magi
  3 death oozes
  A crystal guardian (Vaults:4)
  11 jiangshi
  8 fire dragons
  2 minotaurs
  17 ogre magi
  A quicksilver dragon zombie (Crypt:3)
  14 yaktaur captains
  11 deep elf high priests
  Josephine (D:14)
  11 great orbs of eyes
  8 merfolk impalers
  7 hydras
  5 rakshasas
  13 naga warriors
  10 ice dragons
  18 anacondas
  34 vault guards
  10 centaur warriors
  4 spriggan air magi
  2 catoblepae
  A merfolk avatar (Shoals:2)
  7 merfolk aquamancers (Shoals:4)
  48 two-headed ogres
  4 death knights
  3 death yaks
  2 satyrs
  28 dancing weapons
  5 deep troll shamans
  13 vampire magi
  3 tengu warriors
  14 naga sharpshooters
  10 deep troll earth magi
  Urug (D:11)
  6 orc high priests
  4 spriggan berserkers
  A storm dragon zombie (Crypt:3)
  A soul eater (Crypt:2)
  A small abomination (Elf:1)
  5 shock serpents
  21 deep elf knights
  An iron giant zombie (Crypt:3)
  3 iron trolls
  34 skeletal warriors
  2 anaconda zombies (Crypt:3)
  8 salamander mystics
  3 shadow wraiths
  22 deep trolls
  An entropy weaver zombie (Crypt:3)
  9 flayed ghosts
  A ghost moth zombie (Crypt:3)
  2 unseen horrors
  3 glowing orange brains
  15 sea snakes
  9 naga ritualists
  8 wizards
  14 deep elf archers
  An obsidian statue (D:14)
  An anaconda skeleton (Crypt:2)
  2 necromancers
  20 orc knights
  7 lindwurms
  25 phantasmal warriors
  A harpy (shapeshifter) (Depths:5)
  23 fauns
  4 shining eyes
  16 mana vipers
  17 ironbrand convokers
  A wolf spider (shapeshifter) (Vaults:4)
  An iron giant skeleton (Crypt:2)
  8 orc sorcerers
  A fire giant zombie (Vaults:4)
  A frost giant zombie (Crypt:1)
  2 oklob plants (Shoals:2)
  2 wolf spiders
  46 deep elf magi
  9 harpies
  8 cyclopes
  75 ugly things
  3 elephants (Lair:6)
  A moth of wrath (shapeshifter) (Vaults:2)
  32 black mambas
  9 salamanders
  A sphinx skeleton (Vaults:4)
  10 manticores
  Joseph (D:8)
  A centaur zombie (D:15)
  11 merfolk sirens
  Maurice (D:8)
  A black mamba (shapeshifter) (Depths:4)
  4 eyes of devastation
  21 naga magi
  Psyche (D:9)
  A gargoyle (D:12)
  20 vault sentinels
  9 water nymphs
  7 guardian serpents
  3 spiny frogs
  5 spectral swamp worms
  5 torpor snails (Lair:6)
  58 yaktaurs
  A kobold demonologist (D:14)
  A catoblepas zombie (Crypt:3)
  A rime drake (shapeshifter) (Vaults:4)
  A green draconian zombie (Crypt:1)
  A rime drake (Lair:5)
  15 freezing wraiths
  5 komodo dragons
  An efreet (D:15)
  A yaktaur (shapeshifter) (Vaults:3)
  2 tengu conjurers
  3 guardian mummies
  A jumping spider (shapeshifter) (Depths:3)
  9 trolls
  A harpy zombie (Crypt:3)
  A catoblepas skeleton (Crypt:3)
  A queen bee (Lair:4)
  16 merfolk
  A jumping spider (Vaults:3)
  7 meliai
  3 tyrant leeches (Lair:6)
  2 ice dragon zombies
  6 wind drakes
  Prince Ribbit (D:8)
  18 hornets
  15 blink frogs
  A bog body (Crypt:3)
  10 snapping turtles
  90 slime creatures
  2 moth of wrath zombies
  4 dream sheep (Shoals:3)
  A hippogriff (shapeshifter) (Vaults:4)
  15 hippogriffs
  A meliai zombie (D:12)
  3 ettin zombies
  A fire dragon zombie (Crypt:3)
  A human simulacrum (Vaults:4)
  A centaur simulacrum (D:15)
  2 spriggans (shapeshifter)
  3 shadows (Crypt:1)
  5 flying skulls (Crypt:1)
  16 wraiths
  2 redbacks
  A redback (shapeshifter) (Depths:4)
  3 spriggans
  10 air elementals
  25 yaks
  A tarantella (Vaults:4)
  14 water elementals
  3 wyverns
  A basilisk (Lab)
  A basilisk (shapeshifter) (Depths:1)
  A yak (shapeshifter) (Vaults:3)
  2 fire elementals
  7 golden eyes
  Grum (Lair:1)
  A hungry ghost (D:13)
  A steam dragon (D:12)
  7 vampire mosquitoes
  42 nagas
  2 wargs
  2 soldier ants
  An acid dragon (D:11)
  7 porcupines
  13 water moccasins
  A merfolk skeleton (Crypt:3)
  2 hell hounds (D:10)
  A deep troll skeleton (Crypt:2)
  A swamp drake (shapeshifter) (Vaults:5)
  2 hornet zombies
  Purgy (Sewer)
  2 snapping turtle zombies (Crypt:3)
  35 orc warriors
  10 ice beasts
  6 eyes of draining
  An ogre (shapeshifter) (Depths:5)
  12 boggarts
  46 ogres
  3 phantoms
  10 crocodiles
  13 wolves
  14 centaurs
  3 big kobolds (D:12)
  A fire crab zombie (Crypt:1)
  A lindwurm skeleton (Crypt:1)
  21 bullfrogs
  5 gnoll sergeants
  4 earth elementals
  A hippogriff skeleton (Crypt:2)
  3 scorpions
  2 draconian skeletons
  A spriggan zombie (Crypt:2)
  A troll zombie (D:15)
  A raiju zombie (Crypt:1)
  37 killer bees
  4 wights
  4 electric eels
  3 howler monkeys
  6 crimson imps
  A soldier ant zombie (Crypt:1)
  4 jellies
  20 orc priests
  3 bullfrog zombies
  6 hounds
  2 gnoll shamans (D:9)
  An iron imp (Depths:4)
  30 orc wizards
  A centaur skeleton (D:4)
  9 iguanas
  4 human skeletons
  9 human zombies
  A hell rat (Lair:5)
  7 worker ants
  A killer bee zombie (D:5)
  A big kobold zombie (Crypt:1)
  A tengu zombie (Crypt:1)
  A hound skeleton (D:11)
  17 mummies
  2 worker ant zombies
  21 gnolls
  10 adders
  A white imp (Depths:2)
  2 oozes
  2 adder skeletons
  5 worms
  3 dart slugs
  4 leopard geckos
  109 orcs
  13 bats
  A bat skeleton (Crypt:2)
  11 giant cockroaches
  9 goblins
  13 hobgoblins
  16 jackals
  8 quokkas
  5 ball pythons
  7 frilled lizards
  A jackal zombie (D:8)
  21 kobolds
  An orc skeleton (D:15)
  An orc zombie (D:15)
  A quokka zombie (D:6)
  7 rats
  A butterfly (Lair:1)
  4 crawling corpses (Elf:3)
  7 plants
  4 tentacles (Shoals:4)
2416 creatures vanquished.

Vanquished Creatures (collateral kills)
  A caustic shrike (Depths:4)
  2 liches
  A tentacled monstrosity (Depths:3)
  3 acid blobs (Slime:5)
  A sphinx (Vaults:1)
  An ancient champion (Crypt:2)
  Donald (Shoals:1)
  A draconian monk (Depths:5)
  A nagaraja (Snake:4)
  A tengu reaver (Vaults:5)
  A storm dragon (Vaults:5)
  2 azure jellies
  4 vault wardens
  2 ironheart preservers (Vaults:1)
  A war gargoyle (Vaults:5)
  A deep elf annihilator (Vaults:5)
  A merfolk javelineer (Shoals:4)
  An ettin (Depths:1)
  2 yaktaur captains
  A jiangshi (Crypt:1)
  Erolcha (D:9)
  A fire dragon (Lair:6)
  A hydra (Lair:2)
  4 vault guards
  A catoblepas (Lair:6)
  A centaur warrior (Vaults:1)
  A spriggan air mage (Depths:3)
  4 anacondas
  A deep troll shaman (Depths:4)
  7 two-headed ogres
  An ogre mage (D:15)
  A spriggan (Depths:3)
  3 skeletal warriors
  A sea snake (Shoals:3)
  A naga ritualist (Snake:3)
  An iron giant skeleton (Crypt:3)
  A glowing orange brain (Slime:3)
  A deep troll (Depths:4)
  A harpy (Shoals:3)
  2 lindwurms
  6 mana vipers
  2 orc knights
  A wolf spider (Vaults:4)
  A salamander (Snake:1)
  3 ugly things
  3 manticores
  A faun (Shoals:1)
  2 guardian serpents (Snake:4)
  2 merfolk sirens
  3 elephants (Lair:6)
  8 black mambas
  2 naga magi (Snake:4)
  An eye of devastation (Slime:3)
  5 spiny frogs
  5 yaktaurs
  A freezing wraith (Vaults:5)
  A jumping spider (Vaults:4)
  A merfolk (Shoals:4)
  A hornet (Depths:3)
  7 blink frogs
  A tengu simulacrum (Vaults:4)
  A snapping turtle (Shoals:1)
  9 slime creatures
  2 hippogriffs
  A wraith (Crypt:2)
  Eustachio (D:4)
  A water elemental (Elf:3)
  A redback (Vaults:4)
  A yak (shapeshifter) (Vaults:1)
  5 yaks
  A hog (Snake:2)
  2 basilisks
  A golden eye (shapeshifter) (Depths:3)
  5 nagas
  A water moccasin (Lair:5)
  A floating eye (Slime:5)
  A porcupine (Lair:5)
  2 orc warriors (Vaults:3)
  A centaur (D:7)
  4 ogres
  A crocodile (Lair:5)
  3 bullfrogs
  A yak zombie (Crypt:2)
  2 killer bees
  An electric eel (Lair:6)
  A crimson imp (D:5)
  A human zombie (Crypt:1)
  A hound (D:10)
  An orc wizard (D:6)
  A killer bee zombie (D:7)
  A gnoll (D:8)
  6 orcs
  A gnoll zombie (Crypt:1)
  A hobgoblin (D:6)
  A ball python (Sewer)
  A plant (Shoals:2)
186 creatures vanquished.

Vanquished Creatures (others)
  A storm dragon (Vaults:5)
  A spriggan air mage (Depths:4)
  A deep elf knight (Elf:1)
  A yaktaur (Vaults:4)
  2 slime creatures
  A redback (Vaults:4)
  A floating eye (shapeshifter) (Elf:1)
  A centaur zombie (D:8)
  An orc priest (Orc:2)
  2 orc wizards
  An orc (D:10)
  4 fungi
  22 plants
  5 tentacles (Shoals:4)
44 creatures vanquished.

Grand Total: 2646 creatures vanquished

Notes
Turn   | Place    | Note
-------+----------+-------------------------------------------
     0 | D:1      | Gorice the Demonspawn Wanderer began the quest for the Orb.
     0 | D:1      | Gorice set off with: a +2 leather armour, a +0 quarterstaff, a scroll of teleportation {!r}, a +0 dagger, a ration
     0 | D:1      | Reached XP level 1. HP: 13/13 MP: 1/1
    72 | D:1      | Gained mutation: You have a pair of small antennae on your head. [demonic ancestry]
    72 | D:1      | Reached XP level 2. HP: 19/19 MP: 2/2
   175 | D:1      | Reached skill level 5 in Staves
   703 | D:1      | Reached XP level 3. HP: 23/24 MP: 3/3
  1126 | D:2      | Found a radiant altar of Vehumet.
  1126 | D:2      | Found a shattered altar of Ashenzari.
  1146 | D:2      | HP: 6/24 [something (18)]
  1397 | D:2      | Found a white marble altar of Elyvilon.
  1706 | D:2      | Found a shattered altar of Ashenzari.
  1706 | D:2      | Found a shimmering altar of Xom.
  1832 | D:2      | Gained mutation: A weak demonic guardian rushes to your aid. [demonic ancestry]
  1832 | D:2      | Reached XP level 4. HP: 27/30 MP: 4/4
  2208 | D:3      | Found a sparkling altar of Nemelex Xobeh.
  2214 | D:3      | Reached skill level 6 in Staves
  2270 | D:3      | Found a stormy altar of Qazlal.
  2273 | D:3      | Found a sacrificial altar of Ru.
  2284 | D:3      | Became a worshipper of Qazlal Stormbringer
  2403 | D:3      | Reached skill level 1 in Armour
  2412 | D:3      | Found a glowing drain.
  2416 | Sewer    | Entered a sewer
  2470 | Sewer    | Noticed Purgy
  2481 | Sewer    | Killed Purgy
  2481 | Sewer    | Reached XP level 5. HP: 35/35 MP: 5/5
  2626 | Sewer    | Upgraded the game from 0.21-a0-582-g1b93aee to 0.21-a0-584-g185da8e
  2652 | D:3      | Reached * piety under Qazlal
  2766 | D:3      | Reached skill level 2 in Armour
  3059 | D:3      | Gained mutation: You have a pair of antennae on your head. [demonic ancestry]
  3059 | D:3      | Reached XP level 6. HP: 38/41 MP: 6/6
  3270 | D:4      | Reached skill level 7 in Staves
  3417 | D:4      | Noticed Eustachio
  3437 | D:4      | Killed Eustachio
  3437 | D:4      | Reached skill level 3 in Armour
  3437 | D:4      | Reached XP level 7. HP: 24/46 MP: 7/7
  3901 | D:4      | Got a dazzling dagger
  3943 | D:5      | Entered Level 5 of the Dungeon
  3943 | D:5      | Found a snail-covered altar of Cheibriados.
  4146 | D:5      | Reached skill level 8 in Staves
  4206 | D:5      | Reached ** piety under Qazlal
  4366 | D:5      | Found a staircase to the Ecumenical Temple.
  4394 | Temple   | Entered the Ecumenical Temple
  4461 | D:5      | Reached skill level 4 in Armour
  4707 | D:5      | Reached XP level 8. HP: 51/52 MP: 8/8
  5367 | D:6      | Reached skill level 9 in Staves
  5420 | D:6      | --Woah pearl dragon scales!
  5430 | D:6      | --Good even tho cursed and -1!
  5573 | D:6      | Reached *** piety under Qazlal
  5624 | D:6      | Reached skill level 5 in Armour
  6364 | D:6      | Found a white marble altar of Elyvilon.
  6756 | D:7      | Found a snail-covered altar of Cheibriados.
  6778 | D:7      | Reached skill level 10 in Staves
  6943 | D:7      | Found an ornate altar of the Wu Jian Council.
  7198 | D:7      | Found a hazy altar of Hepliaklqana.
  7291 | D:8      | Gained mutation: You sometimes gain a little power by taking damage. [demonic ancestry]
  7291 | D:8      | Reached XP level 9. HP: 53/57 MP: 9/9
  7375 | D:7      | Reached **** piety under Qazlal
  7417 | D:8      | Noticed a two-headed ogre
  7425 | D:7      | Reached skill level 6 in Armour
  7586 | D:8      | Noticed Maurice
  7782 | D:8      | Killed Maurice
  7782 | D:8      | Reached skill level 11 in Staves
  7891 | D:8      | Noticed Prince Ribbit
  7907 | D:8      | Killed Prince Ribbit
  7996 | D:8      | Found a blossoming altar of Fedhas.
  8024 | D:8      | Noticed Joseph
  8102 | D:8      | Killed a two-headed ogre
  8102 | D:8      | Reached skill level 7 in Armour
  8105 | D:8      | Gained mutation: You have a pair of large antennae on your head. (SInv) [demonic ancestry]
  8105 | D:8      | Reached XP level 10. HP: 22/63 MP: 10/10
  8449 | D:8      | Killed Joseph
  8745 | D:9      | Noticed Erolcha
  8761 | D:9      | Noticed Psyche
  8765 | D:9      | Killed Erolcha
  8765 | D:9      | Reached skill level 12 in Staves
  8778 | D:9      | Killed Psyche
  9080 | D:9      | Reached skill level 8 in Armour
  9481 | D:9      | Reached ***** piety under Qazlal
  9780 | D:9      | Paralysed by a hornet for 1 turns
 10021 | D:9      | Identified the cursed +1 dagger of the Establishment {pierce, Dex+4} (You found it on level 4 of the Dungeon)
 10181 | D:9      | Found Xeycuq's Antique Armour Boutique.
 10307 | D:9      | Found a deep blue altar of Sif Muna.
 10488 | D:10     | Entered Level 10 of the Dungeon
 10494 | D:10     | Found a staircase to the Lair.
 10708 | D:10     | Reached skill level 9 in Armour
 10803 | D:10     | Noticed a two-headed ogre
 10809 | D:9      | Reached skill level 13 in Staves
 10879 | D:10     | Reached XP level 11. HP: 58/68 MP: 8/11
 11018 | D:10     | Killed a two-headed ogre
 11599 | D:10     | Noticed a two-headed ogre
 11607 | D:10     | Killed a two-headed ogre
 11906 | D:10     | Found a runed door.
 11924 | D:10     | Noticed a fire giant
 11924 | D:10     | Noticed a deep troll earth mage
 12017 | Lair:1   | Entered Level 1 of the Lair of Beasts
 12166 | Lair:1   | Noticed a six-headed hydra
 12195 | D:10     | Killed a fire giant
 12195 | D:10     | Reached skill level 10 in Armour
 12427 | D:10     | Noticed an eight-headed hydra
 12574 | D:9      | Killed a deep troll earth mage
 12661 | D:10     | HP: 13/68 [eight-headed hydra (10)]
 12947 | D:9      | Killed an eight-headed hydra
 12995 | D:10     | Noticed a centaur warrior
 13009 | D:10     | Killed a centaur warrior
 13009 | D:10     | Reached skill level 14 in Staves
 13036 | D:10     | Got a shimmering steel ring
 13038 | D:10     | Identified the ring of the Devil's Team {rElec rF+ rC- rN++ Stlth+} (You took it off a fire giant on level 10 of the Dungeon)
 13154 | D:10     | Noticed a catoblepas
 13372 | D:10     | Killed a catoblepas
 13372 | D:10     | Reached skill level 1 in Fighting
 13372 | D:10     | Reached skill level 1 in Invocations
 13467 | D:10     | Reached skill level 2 in Invocations
 13507 | D:10     | Reached skill level 2 in Fighting
 13686 | D:11     | Found Josim's Book Shoppe.
 13694 | D:10     | Paralysed by a hornet for 1 turns
 13697 | D:10     | Reached skill level 3 in Invocations
 13761 | D:11     | Noticed Urug
 13763 | D:11     | Noticed a seven-headed hydra
 13887 | D:11     | Found a hazy altar of Hepliaklqana.
 14001 | D:11     | Killed a seven-headed hydra
 14001 | D:11     | Reached skill level 11 in Armour
 14001 | D:11     | Gained mutation: You are partially covered in molten scales. (AC +2) [demonic ancestry]
 14001 | D:11     | Reached XP level 12. HP: 32/80 MP: 7/14
 14217 | D:10     | Reached skill level 4 in Invocations
 14260 | D:11     | Killed Urug
 14260 | D:11     | Reached skill level 3 in Fighting
 14504 | D:11     | Reached skill level 5 in Invocations
 14682 | D:11     | Reached skill level 4 in Fighting
 15207 | Lair:1   | Killed a six-headed hydra
 15207 | Lair:1   | Reached skill level 6 in Invocations
 15501 | Lair:1   | Noticed Grum
 15521 | Lair:1   | Killed Grum
 16104 | Lair:1   | Reached skill level 5 in Fighting
 16126 | Lair:2   | Reached skill level 7 in Invocations
 16277 | Lair:2   | Noticed a four-headed hydra
 16284 | Lair:2   | Killed a four-headed hydra
 16348 | Lair:2   | Reached ****** piety under Qazlal
 16367 | Lair:2   | Reached skill level 6 in Fighting
 16397 | Lair:2   | Reached skill level 8 in Invocations
 17089 | Lair:3   | Reached skill level 12 in Armour
 17459 | Lair:3   | Found a staircase to the Shoals.
 18112 | Lair:3   | Gained mutation: A demonic guardian rushes to your aid. [demonic ancestry]
 18112 | Lair:3   | Reached XP level 13. HP: 79/95 MP: 19/19
 18183 | Lair:4   | Reached skill level 9 in Invocations
 18252 | Lair:4   | Found a staircase to the Snake Pit.
 18269 | Lair:4   | Reached skill level 7 in Fighting
 18732 | Lair:4   | Found an iron altar of Okawaru.
 19596 | Lair:5   | Reached skill level 10 in Invocations
 20054 | Lair:5   | Reached skill level 8 in Fighting
 20386 | Lair:5   | HP: 29/98 [meliai/divine providence (6)]
 20396 | Lair:5   | HP: 21/98 [manticore (7)]
 20900 | Lair:5   | Found a viscous altar of Jiyva.
 20904 | Lair:5   | Found a staircase to the Slime Pits.
 21116 | Lair:5   | Reached skill level 11 in Invocations
 21118 | Lair:5   | --Yay, a melati was carrying an artifact lajatang
 21118 | Lair:5   | --first in the game!
 21118 | Lair:5   | Got a transparent lajatang {slice}
 21119 | Lair:5   | Identified the +6 lajatang of Disembowelment {slice, Str+7 SInv} (You took it off a meliai on level 5 of the Lair of Beasts)
 21120 | Lair:5   | --Good as well!
 21705 | Lair:6   | Entered Level 6 of the Lair of Beasts
 21777 | Lair:6   | Reached skill level 13 in Armour
 22091 | Lair:6   | Reached skill level 9 in Fighting
 22397 | Lair:6   | Found a runed door.
 22595 | Lair:6   | Gained mutation: You resist negative energy. (rN+) [demonic ancestry]
 22595 | Lair:6   | Reached XP level 14. HP: 105/108 MP: 22/22
 22870 | Lair:6   | Reached skill level 12 in Invocations
 23130 | Lair:1   | Learned a level 3 spell: Regeneration
 23398 | D:12     | Found a staircase to the Orcish Mines.
 24245 | D:13     | Reached skill level 10 in Fighting
 24876 | D:12     | Reached skill level 13 in Invocations
 25012 | Orc:1    | Entered Level 1 of the Orcish Mines
 25233 | Orc:2    | Entered Level 2 of the Orcish Mines
 25234 | Orc:2    | Found a staircase to the Elven Halls.
 25291 | Orc:2    | Found a labyrinth entrance.
 25301 | Lab      | Entered a labyrinth
 25475 | Lab      | Got a pitted chain mail
 25487 | Lab      | Found the +4 skin of Zhor {rC+++}
 25488 | Lab      | Got smoking pearl dragon scales
 25499 | Lab      | Identified the +1 pearl dragon scales of Activism {rF+ rN+ MR+ Slay+3} (You found it in a labyrinth)
 25499 | Lab      | --wow 2nd game in a row with artifact PDScales!
 25780 | Lair:1   | Identified the +8 chain mail "Fahu" {rPois} (You took it off a minotaur in a labyrinth)
 26339 | Orc:2    | Paralysed by an orc sorcerer for 3 turns
 26383 | Orc:2    | Reached skill level 14 in Armour
 26646 | Orc:2    | Found Umacing's Magic Scroll Boutique.
 26646 | Orc:2    | Found Zereng's Gadget Shoppe.
 26648 | Orc:2    | Found Immusos's Assorted Antiques.
 26648 | Orc:2    | Found Imehi's Distillery.
 26662 | Orc:2    | Bought 2 potions of heal wounds for 140 gold pieces
 26662 | Orc:2    | Bought a potion of curing for 42 gold pieces
 26662 | Orc:2    | Bought a potion of heal wounds for 70 gold pieces
 26662 | Orc:2    | Bought a potion of curing for 42 gold pieces
 26662 | Orc:2    | Bought a potion of heal wounds for 70 gold pieces
 26663 | Orc:2    | Bought a potion of cancellation for 272 gold pieces
 26665 | Orc:2    | Bought 2 scrolls of magic mapping for 112 gold pieces
 26920 | D:13     | Reached skill level 11 in Fighting
 27566 | D:14     | Reached skill level 14 in Invocations
 27631 | D:14     | Gained mutation: You are somewhat able to resist unholy torments (1 in 2 success). [demonic ancestry]
 27631 | D:14     | Reached XP level 15. HP: 95/119 MP: 25/25
 27670 | D:14     | Noticed Josephine
 27677 | D:14     | Killed Josephine
 27779 | D:14     | Found a radiant altar of Vehumet.
 28056 | D:14     | Found a gate to the Vaults.
 28304 | D:15     | Entered Level 15 of the Dungeon
 28814 | D:15     | Reached skill level 15 in Invocations
 28846 | D:15     | Reached skill level 12 in Fighting
 29446 | D:15     | Found a staircase to the Depths.
 29601 | D:15     | Found a basalt altar of Yredelemnul.
 29836 | Snake:1  | Entered Level 1 of the Snake Pit
 29851 | Snake:1  | Reached skill level 15 in Armour
 30258 | Snake:1  | Found Docwaej's Antique Armour Boutique.
 30280 | Snake:1  | Reached skill level 16 in Invocations
 30358 | Snake:1  | Found Tuwnu's Gadget Emporium.
 30358 | Snake:1  | Found Aceczoto's Jewellery Shop.
 30359 | Snake:1  | Found Limufun's Jewellery Shop.
 30774 | Snake:2  | Reached skill level 2 in Dodging
 30779 | Snake:2  | Reached XP level 16. HP: 121/129 MP: 1/28
 30908 | Snake:2  | Found Zokku's Assorted Antiques.
 30914 | Snake:2  | Bought a scroll labeled MEATHOEGGA for 34 gold pieces
 30959 | Snake:2  | Reached skill level 13 in Fighting
 31205 | Snake:2  | Noticed Kirke
 31213 | Snake:2  | Killed Kirke
 31232 | Snake:2  | Reached skill level 3 in Dodging
 31666 | Snake:2  | Noticed Aizul
 31683 | Snake:2  | Killed Aizul
 32404 | Snake:3  | Reached skill level 4 in Dodging
 32512 | Snake:3  | HP: 37/131 [anaconda (3)]
 32517 | Snake:3  | HP: 33/131 [poisoned by a naga mage (splash of poison)]
 32524 | Snake:2  | HP: 34/131 [poisoned by a naga mage (splash of poison)]
 33220 | Snake:3  | Reached skill level 5 in Dodging
 33270 | Snake:3  | Found a sparkling altar of Nemelex Xobeh.
 33446 | Snake:3  | Found Fisyblurph's Gadget Boutique.
 34204 | Snake:4  | Entered Level 4 of the Snake Pit
 34213 | Snake:4  | Noticed Bai Suzhen
 34362 | Snake:3  | Killed Bai Suzhen
 34362 | Snake:3  | Reached skill level 16 in Armour
 34397 | Snake:4  | Noticed Nikola
 34631 | Snake:3  | Killed Nikola
 34631 | Snake:3  | Reached skill level 14 in Fighting
 34631 | Snake:3  | Reached skill level 6 in Dodging
 35478 | Snake:4  | Reached skill level 7 in Dodging
 35799 | Snake:4  | Gained mutation: You are mostly covered in molten scales. (AC +3) [demonic ancestry]
 35799 | Snake:4  | Reached XP level 17. HP: 140/140 MP: 29/29
 36433 | Snake:4  | Reached skill level 8 in Dodging
 36616 | Snake:4  | Reached skill level 15 in Fighting
 36976 | Snake:4  | Reached skill level 9 in Dodging
 37132 | Snake:4  | HP: 31/142 [guardian serpent (16)]
 38087 | Snake:4  | Got a serpentine rune of Zot
 38485 | Snake:1  | Bought an uncursed ring of protection from magic for 375 gold pieces
 38487 | Snake:1  | Identified a scroll of acquirement
 38705 | Shoals:1 | Entered Level 1 of the Shoals
 38721 | Lair:3   | Reached skill level 10 in Dodging
 38787 | Shoals:1 | Reached skill level 16 in Fighting
 39312 | Shoals:1 | Noticed Donald
 39320 | Shoals:1 | Killed Donald
 39322 | Shoals:1 | Got a heavily runed shield
 39342 | Shoals:1 | Reached skill level 1 in Throwing
 39935 | Shoals:2 | Noticed Polyphemus
 39943 | Shoals:2 | Killed Polyphemus
 39943 | Shoals:2 | Reached skill level 2 in Throwing
 40154 | Shoals:2 | Reached skill level 11 in Dodging
 40154 | Shoals:2 | Reached XP level 18. HP: 125/151 MP: 30/30
 40247 | Shoals:1 | Reached skill level 3 in Throwing
 40786 | Shoals:2 | Got a steaming copper ring
 40787 | Shoals:2 | Identified the ring of Benevolence {rF+ Dex+3} (You took it off a merfolk siren on level 2 of the Shoals)
 40993 | Lair:1   | Upgraded the game from 0.21-a0-584-g185da8e to 0.21-a0-591-g2314aa1
 41144 | Shoals:3 | Reached skill level 4 in Throwing
 41681 | Shoals:3 | Reached skill level 5 in Throwing
 42159 | Shoals:3 | Found a hide-covered altar of Uskayaw.
 42164 | Shoals:3 | Found the +3 sling "Punk" {acid, rCorr}
 42643 | Vaults:1 | Entered Level 1 of the Vaults
 42891 | D:14     | Reached skill level 12 in Dodging
 42899 | D:14     | Reached skill level 6 in Throwing
 42977 | Vaults:1 | Found Gozag's Antique Weapon Shoppe.
 42995 | Vaults:1 | Found an opulent altar of Gozag.
 42995 | Vaults:1 | Found Gozag's Antique Weapon Shoppe.
 43198 | Vaults:1 | Found Gozag's Antique Weapon Emporium.
 43414 | Vaults:1 | Reached skill level 7 in Throwing
 44015 | Vaults:1 | Reached skill level 8 in Throwing
 44065 | Vaults:1 | Reached skill level 13 in Dodging
 44294 | Vaults:1 | Gained mutation: Your melee attacks may debilitate your foes. [demonic ancestry]
 44294 | Vaults:1 | Reached XP level 19. HP: 123/157 MP: 31/31
 44554 | Vaults:1 | Reached skill level 9 in Throwing
 44667 | Vaults:1 | Found Besoete's Assorted Antiques.
 44720 | Vaults:1 | Bought a potion of heal wounds for 145 gold pieces
 46199 | Vaults:2 | Reached skill level 10 in Throwing
 46199 | Vaults:2 | Reached skill level 14 in Dodging
 46239 | Vaults:2 | Reached skill level 2 in Evocations
 46496 | Vaults:2 | Reached skill level 3 in Evocations
 46625 | Vaults:2 | Reached skill level 4 in Evocations
 47359 | Vaults:2 | Reached skill level 5 in Evocations
 47432 | Vaults:3 | Noticed Jory
 47452 | Vaults:3 | Killed Jory
 47474 | Vaults:2 | HP: 47/157 [poisoned by Jory]
 47479 | Vaults:2 | HP: 45/157 [poisoned by Jory]
 47485 | Vaults:2 | HP: 44/157 [poisoned by Jory]
 47491 | Vaults:2 | HP: 45/157 [poisoned by Jory]
 47499 | Vaults:2 | HP: 45/157 [poisoned by Jory]
 48109 | Vaults:3 | Reached skill level 6 in Evocations
 48169 | Vaults:3 | Found Ijeot's Armour Shop.
 48192 | Vaults:3 | Bought a +2 pair of gloves of dexterity for 451 gold pieces
 48212 | Vaults:3 | Found a staircase to the Crypt.
 48212 | Vaults:3 | Found an ancient bone altar of Kikubaaqudgha.
 48213 | Vaults:3 | Found a basalt altar of Yredelemnul.
 48307 | Vaults:3 | Reached skill level 15 in Dodging
 48586 | Vaults:3 | Reached skill level 7 in Evocations
 48633 | Vaults:3 | Gained mutation: A powerful demonic guardian rushes to your aid. [demonic ancestry]
 48633 | Vaults:3 | Reached XP level 20. HP: 84/164 MP: 32/32
 48637 | Vaults:3 | HP: 42/164 [ironheart preserver/flail (33)]
 48643 | Vaults:3 | HP: 43/164 [poisoned by an ogre mage]
 48648 | Vaults:3 | HP: 31/164 [poisoned by an ogre mage]
 49134 | Vaults:3 | Noticed Asterion
 49468 | Vaults:2 | Reached skill level 8 in Evocations
 50359 | Vaults:3 | Reached skill level 9 in Evocations
 50537 | Vaults:3 | Killed Asterion
 51143 | Vaults:3 | Reached skill level 16 in Dodging
 51372 | Vaults:3 | Reached skill level 10 in Evocations
 52741 | Vaults:4 | Reached skill level 17 in Invocations
 53264 | Vaults:4 | Reached XP level 21. HP: 130/173 MP: 33/33
 53401 | Vaults:4 | Reached skill level 17 in Fighting
 53562 | Vaults:4 | Reached skill level 18 in Invocations
 54689 | Shoals:4 | Entered Level 4 of the Shoals
 54880 | Shoals:4 | Noticed Ilsuiw
 54903 | Shoals:3 | Killed Ilsuiw
 55532 | Shoals:4 | Found a burning altar of Makhleb.
 56139 | Shoals:4 | Reached skill level 19 in Invocations
 56348 | Shoals:4 | Learned a level 3 spell: Spectral Weapon
 56506 | Shoals:4 | Reached skill level 18 in Fighting
 56671 | Shoals:4 | Found a stormy altar of Qazlal.
 56767 | Shoals:4 | Got a barnacled rune of Zot
 57231 | Crypt:1  | Entered Level 1 of the Crypt
 59638 | Crypt:2  | Reached skill level 20 in Invocations
 59741 | Crypt:2  | Gained mutation: You sometimes gain power by taking damage. [demonic ancestry]
 59741 | Crypt:2  | Reached XP level 22. HP: 164/186 MP: 36/36
 60229 | Crypt:3  | Entered Level 3 of the Crypt
 60890 | Crypt:2  | Reached skill level 19 in Fighting
 61001 | Crypt:2  | HP: 55/187 [soul eater (7)]
 61570 | Crypt:3  | Reached skill level 21 in Invocations
 62140 | Crypt:3  | Found a basalt altar of Yredelemnul.
 62922 | Crypt:3  | Found a staircase to the Tomb.
 63173 | Crypt:3  | Got a pitted ring mail
 63309 | Crypt:3  | Found the +5 scythe "Finisher" {speed, Str+3}
 63929 | Lair:1   | Identified the +0 ring mail of Lingokk {rPois Str-4 Int+6 SInv} (You found it on level 3 of the Crypt)
 63941 | Lair:1   | Upgraded the game from 0.21-a0-591-g2314aa1 to 0.21-a0-618-g6cbd37f
 64052 | Elf:1    | Entered Level 1 of the Elven Halls
 64384 | Elf:1    | Found Sokusoso's Book Boutique.
 64405 | Elf:1    | Reached skill level 22 in Invocations
 64892 | Elf:1    | Found Neakhylu's Armour Boutique.
 64907 | Elf:1    | Reached skill level 20 in Fighting
 65249 | Elf:1    | Found Upsir's Antique Weapon Boutique.
 65296 | Elf:1    | Found Lysuqu Neita's Antique Armour Shoppe.
 65319 | Elf:1    | Found Urotzefim's Armour Boutique.
 65919 | Elf:2    | Gained mutation: You are powered by pain. [demonic ancestry]
 65919 | Elf:2    | Reached XP level 23. HP: 190/196 MP: 38/38
 66138 | Elf:2    | Noticed Roxanne
 66323 | Elf:2    | Found a large runed door.
 66323 | Elf:2    | Found a large runed door.
 66353 | Elf:2    | Found a large runed door.
 66353 | Elf:2    | Found a large runed door.
 67401 | Elf:3    | Entered Level 3 of the Elven Halls
 67445 | Elf:3    | Learned a level 4 spell: Summon Lightning Spire
 67478 | Elf:3    | Found Omiav's One-of-a-Kind Books.
 67482 | Elf:3    | Noticed Jorgrun
 67498 | Elf:3    | Killed Jorgrun
 68175 | Elf:3    | Reached skill level 17 in Armour
 68792 | Elf:3    | Got a faintly glowing brass ring
 68806 | Elf:3    | Identified the ring of Wuuvveoc {rPois Str+3 Slay+4} (You took it off a deep elf elementalist on level 3 of the Elven Halls)
 68976 | Elf:3    | Reached skill level 21 in Fighting
 69317 | Elf:3    | Found the +2 Maxwell's thermic engine {flame, freeze, rF- rC-}
 69321 | Elf:3    | Learned a level 2 spell: Swiftness
 69329 | Elf:3    | Got a pitted brass amulet
 69332 | Elf:3    | Identified the Compendium of Warped Summoning
 69340 | Elf:3    | Identified the +1 pearl dragon scales of Benevolence {rN+ Int+6} (You found it on level 3 of the Elven Halls)
 69350 | Elf:3    | Got a slimy bronze ring
 69351 | Elf:3    | Identified the cursed ring "Zantois" {+Fly rElec Str+4 Dex-3} (You found it on level 3 of the Elven Halls)
 69352 | Elf:3    | Identified the amulet "Dos Geuq" {Reflect Str+5 Int+3 SH+3} (You found it on level 3 of the Elven Halls)
 69355 | Elf:3    | Got bloodstained ice dragon scales
 69356 | Elf:3    | Identified the +6 ice dragon scales "Puneb" {rElec rF- rC++ Regen+ rCorr Dex+3} (You found it on level 3 of the Elven Halls)
 69379 | Elf:3    | Found the +3 giant club "Skullcrusher" {speed, Str+7}
 69383 | Elf:3    | Identified the Handbook of Ashen Intoxication
 69386 | Elf:3    | Found the +7 Spriggan's Knife {MR+ EV+4 Dex+4 Stlth+}
 69654 | Lair:1   | Learned a level 3 spell: Portal Projectile
 69973 | Elf:2    | Killed Roxanne
 70258 | Depths:1 | Entered Level 1 of the Depths
 71086 | Depths:1 | Found a one-way gate to the infinite horrors of the Abyss.
 71341 | Depths:1 | Found a gateway to Hell.
 71453 | Depths:1 | Gained mutation: You are completely covered in molten scales. (AC +4, rF+) [demonic ancestry]
 71453 | Depths:1 | Reached XP level 24. HP: 167/208 MP: 38/38
 71455 | Depths:1 | Reached skill level 18 in Armour
 71465 | Depths:1 | Got a scintillating platinum ring
 71473 | Depths:1 | Identified the ring "Tulez" {MR+ EV+3 Dex+4} (You took it off an orc knight on level 1 of the Depths)
 72073 | Depths:2 | Found Jikhits's Antique Weapon Shop.
 72073 | Depths:2 | Found Ixop Ulucw's Book Boutique.
 72087 | Depths:2 | Found Hachiuw's Assorted Antiques.
 72101 | Depths:2 | Found Gappefig's Antique Armour Shop.
 72156 | Depths:2 | Got a translucent plate armour
 72239 | Depths:2 | Bought a scroll labeled IHAAWE YSUHADDAE for 29 gold pieces
 72239 | Depths:2 | Bought 2 potions of heal wounds for 290 gold pieces
 72245 | Depths:2 | Identified the +5 plate armour of Focus {+Fly Int-4 Dex+9} (You found it on level 2 of the Depths)
 72764 | Depths:2 | Reached skill level 22 in Fighting
 72988 | Depths:2 | Found a one-way gate leading to the halls of Pandemonium.
 73515 | Elf:1    | Bought a book of Minor Magic for 280 gold pieces
 73515 | Elf:1    | Bought a book of Party Tricks for 700 gold pieces
 73517 | Elf:1    | Learned a level 1 spell: Apportation
 73519 | Elf:1    | Learned a level 1 spell: Summon Butterflies
 73522 | Elf:1    | Learned a level 2 spell: Blink
 73874 | Depths:3 | Reached skill level 1 in Spellcasting
 73874 | Depths:3 | Reached skill level 1 in Translocations
 73960 | Depths:3 | Reached skill level 2 in Spellcasting
 73960 | Depths:3 | Reached skill level 2 in Translocations
 74339 | Depths:3 | Found Vearreps's Magic Scroll Boutique.
 74353 | Depths:3 | Found Fihoo's Book Shop.
 74362 | Depths:3 | Reached skill level 3 in Spellcasting
 74362 | Depths:3 | Reached skill level 3 in Translocations
 74377 | Depths:3 | Found Keammuigusk's Armour Boutique.
 74381 | Depths:3 | Bought a scroll of blinking for 97 gold pieces
 74381 | Depths:3 | Bought a scroll of summoning for 123 gold pieces
 74381 | Depths:3 | Bought a scroll of identify for 26 gold pieces
 74381 | Depths:3 | Bought a scroll of identify for 26 gold pieces
 74704 | Depths:3 | Got a clouded wooden ring
 74705 | Depths:3 | Identified the ring "Binuam" {Fire rN+ Int+2} (You took it off a spriggan berserker on level 3 of the Depths)
 74735 | Depths:3 | Reached skill level 4 in Spellcasting
 74735 | Depths:3 | Reached skill level 4 in Translocations
 74746 | Depths:3 | Noticed a juggernaut
 74756 | Depths:3 | Killed a juggernaut
 74956 | Depths:3 | Found a gateway to a ziggurat.
 75200 | Depths:4 | Reached skill level 19 in Armour
 75257 | Depths:4 | Reached skill level 5 in Spellcasting
 75257 | Depths:4 | Reached skill level 5 in Translocations
 75539 | Depths:4 | Reached skill level 6 in Translocations
 75544 | Depths:4 | Reached skill level 6 in Spellcasting
 75555 | Depths:4 | Reached skill level 1 in Hexes
 75555 | Depths:4 | Reached skill level 1 in Summonings
 75625 | Depths:4 | Reached XP level 25. HP: 129/217 MP: 38/38
 75631 | Depths:4 | Reached skill level 2 in Summonings
 75635 | Depths:4 | Reached skill level 2 in Hexes
 75657 | Depths:4 | Upgraded the game from 0.21-a0-618-g6cbd37f to 0.21-a0-621-gc60411f
 76175 | Depths:4 | Reached skill level 3 in Hexes
 76175 | Depths:4 | Reached skill level 3 in Summonings
 76385 | Depths:4 | Reached skill level 7 in Spellcasting
 77109 | Depths:5 | Entered Level 5 of the Depths
 77128 | Depths:5 | Noticed Sojobo
 77141 | Depths:5 | Killed Sojobo
 77141 | Depths:5 | Reached skill level 4 in Hexes
 77141 | Depths:5 | Reached skill level 4 in Summonings
 77746 | Depths:5 | Found a sacrificial altar of Ru.
 77993 | Depths:5 | Reached skill level 5 in Summonings
 78365 | Depths:5 | Reached skill level 5 in Hexes
 78506 | Depths:5 | Reached skill level 8 in Spellcasting
 78514 | Depths:5 | Found a gate to the Realm of Zot.
 78620 | Depths:4 | Got an ancient quarterstaff
 78623 | Depths:4 | Identified the +8 quarterstaff of Peace {drain, rF+ Int+3} (You found it on level 4 of the Depths)
 79098 | Vaults:5 | Entered Level 5 of the Vaults
 79193 | Vaults:4 | Reached skill level 6 in Summonings
 79277 | Vaults:4 | Reached skill level 6 in Hexes
 79403 | Vaults:5 | Reached skill level 1 in Charms
 79403 | Vaults:5 | Reached skill level 1 in Air Magic
 79660 | Vaults:4 | Reached skill level 2 in Charms
 79663 | Vaults:4 | Reached skill level 2 in Air Magic
 79909 | Vaults:5 | Reached skill level 9 in Spellcasting
 79910 | Vaults:5 | Reached skill level 20 in Armour
 79910 | Vaults:5 | Reached skill level 3 in Charms
 79910 | Vaults:5 | Reached skill level 3 in Air Magic
 79910 | Vaults:5 | HP: 63/217 [titan/the air (24)]
 79913 | Vaults:5 | HP: 20/217 [deep elf high priest/damnation (32)]
 79994 | Vaults:5 | HP: 49/217 [war gargoyle/spray of metal splinters (31)]
 80023 | Vaults:5 | HP: 46/217 [yaktaur captain (14)]
 80045 | Vaults:5 | HP: 50/217 [storm dragon (5)]
 80051 | Vaults:5 | HP: 38/217 [fire giant/fireball (8)]
 80093 | Vaults:5 | HP: 56/217 [ironheart preserver/great sword (10)]
 80112 | Vaults:5 | HP: 63/217 [storm dragon (10)]
 80471 | Vaults:5 | Reached skill level 1 in Necromancy
 80473 | Vaults:5 | Reached skill level 4 in Charms
 80473 | Vaults:5 | Reached XP level 26. HP: 201/224 MP: 38/38
 80474 | Vaults:5 | Reached skill level 4 in Air Magic
 80479 | Vaults:5 | Reached skill level 2 in Necromancy
 80675 | Vaults:4 | Reached skill level 3 in Necromancy
 80873 | Vaults:4 | Reached skill level 5 in Charms
 80873 | Vaults:4 | Reached skill level 5 in Air Magic
 80926 | Vaults:5 | Reached skill level 4 in Necromancy
 80943 | Vaults:5 | Reached skill level 10 in Spellcasting
 81534 | Vaults:5 | Reached skill level 5 in Necromancy
 81548 | Vaults:5 | Got a smoking wooden ring
 81550 | Vaults:5 | Got a silver rune of Zot
 81577 | Vaults:5 | Identified the ring of the Ten Shrikes {Int+2 Stlth-} (You found it on level 5 of the Vaults)
 81580 | Vaults:5 | Got a crude wooden ring
 81581 | Vaults:5 | Identified the ring "Fouriany" {+Fly rF+ Stlth+} (You found it on level 5 of the Vaults)
 82433 | Slime:1  | Entered Level 1 of the Pits of Slime
 82458 | Slime:1  | Gained mutation: You are clumsy. (Dex -2) [a shining eye]
 82906 | Slime:2  | Reached skill level 6 in Air Magic
 82909 | Slime:2  | Noticed Dissolution
 82914 | Slime:1  | Reached skill level 6 in Charms
 83106 | Slime:1  | Killed Dissolution
 83106 | Slime:1  | Reached skill level 7 in Summonings
 83499 | Slime:4  | Reached skill level 11 in Spellcasting
 83608 | Slime:4  | Reached skill level 8 in Summonings
 83646 | Slime:5  | Entered Level 5 of the Pits of Slime
 83698 | Slime:5  | Gained mutation: Your spells are a little harder to cast, but a little more powerful. [a shining eye]
 83699 | Slime:5  | Gained mutation: You tend to lose your temper in combat. [a shining eye]
 83711 | Slime:5  | Noticed the Royal Jelly
 83715 | Slime:4  | Lost mutation: Your spells are a little harder to cast, but a little more powerful. [potion of mutation]
 83715 | Slime:4  | Lost mutation: You tend to lose your temper in combat. [potion of mutation]
 83715 | Slime:4  | Lost mutation: You are clumsy. (Dex -2) [potion of mutation]
 83715 | Slime:4  | Gained mutation: Potions are less effective at restoring your health. [potion of mutation]
 83715 | Slime:4  | Gained mutation: Your spells are a little harder to cast, but a little more powerful. [potion of mutation]
 83715 | Slime:4  | Lost mutation: Your spells are a little harder to cast, but a little more powerful. [potion of mutation]
 83715 | Slime:4  | Gained mutation: You have large cloven feet. [potion of mutation]
 84381 | Slime:5  | Found a viscous altar of Jiyva.
 84442 | Slime:5  | HP: 32/224 [enormous slime creature (65)]
 84442 | Slime:5  | HP: 12/224 [acid[the Royal Jelly] (5)]
 84443 | Slime:5  | Annihilated by an enormous slime creature

Vault maps used:
D:1:      dpeg_arrival_fog, serial_forest, infiniplex_forest_3_way,
          infiniplex_forest_clump_tiny, infiniplex_forest_clump_tiny,
          infiniplex_forest_lined_1, infiniplex_forest_lined_room_3,
          infiniplex_forest_side_room, infiniplex_forest_end_1
D:2:      fiery_altar_vehumet, elyvilon_altar_1,
          gammafunk_temple_overflow_elements, ashenzari_altar_1
D:3:      nicolae_overflow_hidden_temple, grunt_temple_overflow_open,
          gup_sewer_entry_bowl
D:4:      kennysheep_six_static_rooms, lemuel_old_faithful, uniq_eustachio
D:5:      minmay_temple_entry_statues, basic_altar, first_ration,
          grunt_ministairs_2, nrook_pool_corridor
D:6:      corexii_shantytown, basic_altar, serial_glass, glass_columns_b,
          glass_columns_a
D:7:      marbit_many_paths, nicolae_overflow_crystal_walls, old_standard_altar
D:8:      fedhas_altar_2, uniq_maurice, uniq_prince_ribbit1, uniq_joseph
D:9:      led_sif_book, serial_gnoll_camp, gnoll_camp_mini_sergeant,
          gnoll_camp_medium_01, gnoll_camp_mini_shop, gnoll_camp_mini_hut,
          hangedman_pestilent_swarm, roderic_roman_lattice, uniq_erolcha,
          uniq_psyche
D:10:     minmay_lair_entry_lava, nicolae_water_bricks, minivault_13
D:11:     basic_altar, serial_shops, nicolae_shop_trees,
          minmay_misc_feat_square, corner_web_ring, uniq_urug
D:12:     kennysheep_orc_monster_closet_entryway
D:13:     portal_ice_cave_entry_ice_beasts
D:14:     statuecave_lemuel, erik_vaults_2, lemuel_round_altar,
          minmay_statues_item, uniq_josephine
D:15:     grunt_enter_depths_magical_seal, lemuel_mausoleum_altar_yredelemnul
Temple:   eino_wide_crystal_templ
Lair:1:   lemuel_fruit_fields, serial_bayou_shore_a,
          infiniplex_staircase_pool_2, lemuel_fruit_fields, grunt_megastairs_2,
          lemuel_fruit_tree, uniq_grum
Lair:2:   grunt_forest_small_clearings
Lair:3:   elwin_shoals_entry_rooms, beast_lair_carwin_9
Lair:4:   guppyfry_snake_entry_garden, basic_altar, grunt_megastairs_4
Lair:5:   regret_index_wax_grids, slime_altar_1, minivault_27,
          grunt_forest_stairs_basic
Lair:6:   wormcave
Shoals:1: uniq_donald
Shoals:2: nicolae_shoals_this_corrosion, uniq_polyphemus
Shoals:3: nicolae_shoals_circle_sea_wall, regret_index_shoals_crete
Shoals:4: shoals_end_grunt_ice, shoals_ilsuiw_ice, hangedman_feature_mirror
Snake:1:  serial_shops, shop_fountains, minmay_shop_grove
Snake:2:  serial_shops, nicolae_shop_overgrown_old_shop, uniq_aizul, uniq_kirke
Snake:3:  basic_altar, st_stairs_11, minmay_shop_grid_forest,
          nrook_loot_triangle
Snake:4:  snake_pit_salamanders_mu, st_stairs_5, uniq_nikola, uniq_bai_suzhen
Slime:2:  uniq_dissolution
Slime:4:  nicolae_slime_ancient_tower_intersection
Orc:2:    grunt_orc_tribal_feast, lab_entry_generic
Elf:1:    serial_shops, nicolae_shop_stone, shop, shop, shop, shop, orc_legates
Elf:2:    minivault_5, st_stairs_1, uniq_roxanne
Elf:3:    minmay_elf_hall_four_x, nicolae_rare_books, grunt_megastairs_5,
          uniq_jorgrun
Vaults:1: vaults_dpeg_cross, vaults_dpeg_hooks, vaults_room_corners,
          vaults_room_fours, vaults_standard_mumra_enter_the_diamond,
          nicolae_vaults_specimen_jars, v_misc_17,
          kennysheep_vaults_gozag_temple, ontoclasm_vaults_spin,
          nicolae_vaults_mini_display_case, v_misc_30, serial_shops,
          nicolae_shop_trees
Vaults:2: v_misc_11, nicolae_vaults_circle_grid_b, grunt_vaults_focal,
          nicolae_vaults_circle_grid_b, st_cross, v_misc_28,
          nicolae_vaults_stairing_the_circle, v_misc_9, v_misc_14,
          vaults_room_semicircle, v_pattern_4, ontoclasm_vaults_eye,
          vaults_room_pools
Vaults:3: nicolae_vaults_what_the_h, v_rooms_4, minmay_crypt_entry_necro_gods,
          vaults_room_pools, nicolae_vaults_network_barrier,
          dpeg_vaults_monster_box, v_misc_28, ontoclasm_vaults_ring_small,
          hangedman_vaults_variations, ontoclasm_vaults_fault,
          ontoclasm_vaults_pinch, vaults_room_semicircle, v_misc_17,
          ontoclasm_vaults_ring_small, v_misc_14, uniq_asterion, uniq_jory
Vaults:4: vaults_room_octagon, nicolae_vaults_network_star, v_misc_19,
          hangedman_vaults_pinch, nicolae_vaults_arrows, vaults_room_corners,
          nicolae_vaults_big_angled_halls, hangedman_vaults_stretched_pinwheel,
          vaults_mumra_chevron, v_misc_10, serial_ice_m,
          nicolae_vaults_branching_niches, vaults_room_pools,
          hangedman_vaults_capsules, vaults_dpeg_encased_lava, v_misc_19
Crypt:1:  grunt_crypt_arrival_guarded_gate, grunt_megastairs_1
Crypt:3:  church_of_pain_bobbens, nicolae_tomb_entry_unfolded_pyramid_orthogonal
Depths:1: pf_hell_entry_tar_river, hangedman_abyss_entry_splay, minmay_orc_keep,
          infiniplex_staircase_pool_lava
Depths:2: minmay_outward_triangles, hangedman_coc_ice_floe, pan_entry,
          nicolae_two_hexagons, minmay_shoptagon,
          infiniplex_staircase_pillars_2, basic_stair_grate_trap
Depths:3: evilmike_pillar_path, enter_ziggurat_b, nrook_mini_vaults, hell_entry,
          pan_entry, infiniplex_staircase_zigzag_3, kennysheep_random_hallway,
          minmay_shop_star
Depths:4: minmay_quarter_circles, grunt_hell_entry_dis_old, abyss_entry,
          basic_stair_grate_trap, firewood_loft, minmay_staircase_windowed_large
Depths:5: evilmike_zot_entry_hall, hell_entry, lemuel_crystal_altar,
          roderic_lattice_octagonal_star, serial_bayou_shore_b, uniq_sojobo
Lab:      labyrinth_spiral, labyrinth_skeletal_remains, nicolae_lab_arrow
Sewer:    sewer_co_purgy_island

Skill      XL: |  1  2  3  4  5  6  7  8  9 10 11 12 13 14 15 16 17 18 19 20 21 22 23 24 25 26 |
---------------+-------------------------------------------------------------------------------+-----
Staves         | 5 6 7 8 10 11 13 14 | 14.0
Armour         | 1 2 3 4 5 7 9 11 12 13 14 15 16 17 19 20 | 20.8
Fighting       | 2 6 9 11 12 14 16 18 20 21 22 | 22.0
Invocations    | 3 8 11 14 16 17 20 22 | 22.4
Dodging        | 2 7 11 13 15 16 | 16.0
Throwing       | 2 8 10 | 10.0
Evocations     | 7 10 | 10.0
Spellcasting   | 6 9 11 | 11.0
Translocations | 6 |  6.0
Hexes          | 1 6 |  6.5
Summonings     | 1 6 8 |  8.8
Charms         | 4 6 |  6.0
Air Magic      | 3 6 |  6.4
Necromancy     | 1 5 |  5.8
Stealth        | |  1.7

Action                   |  1- 3 |  4- 6 |  7- 9 | 10-12 | 13-15 | 16-18 | 19-21 | 22-24 | 25-27 || total
-------------------------+-------+-------+-------+-------+-------+-------+-------+-------+-------++-------
Melee: Quarterstaff      |   148 |   140 |   484 |   784 |   373 |       |       |       |       ||  1929
       Dagger            |       |     2 |     1 |       |       |       |       |       |       ||     3
       Lajatang          |       |       |       |       |   959 |  1412 |  1913 |  2050 |  1019 ||  7353
 Fire: Blowgun           |       |     5 |       |       |     2 |       |       |       |       ||     7
       Hunting sling     |       |       |     5 |   216 |       |       |       |       |       ||   221
Throw: Tomahawk          |       |       |     4 |     3 |    15 |       |       |       |       ||    22
       Throwing net      |       |       |       |       |       |     3 |     1 |       |       ||     4
       Javelin           |       |       |       |       |       |     3 |     3 |    12 |    32 ||    50
 Cast: Blink             |       |       |       |       |       |       |       |       |     6 ||     6
       Regeneration      |       |       |       |       |       |       |       |       |    58 ||    58
       Portal Projectile |       |       |       |       |       |       |       |       |     1 ||     1
       Summon Lightning  |       |       |       |       |       |       |       |       |     3 ||     3
       Summon Butterflie |       |       |       |       |       |       |       |       |     1 ||     1
Invok: Upheaval          |       |       |       |     2 |       |    13 |     8 |    10 |    11 ||    44
       Disaster Area     |       |       |       |       |       |       |     4 |     1 |     3 ||     8
Evoke: Wand              |       |       |     3 |    21 |       |       |     3 |       |       ||    27
  Use: Scroll            |     8 |     2 |     7 |    14 |     4 |     5 |     1 |    13 |    10 ||    64
       Potion            |       |     1 |     2 |     1 |     1 |     3 |     2 |     1 |     8 ||    19
 Stab: Sleeping          |     2 |     1 |       |       |       |       |       |       |       ||     3
       Distracted        |       |       |     3 |    11 |     6 |     3 |     6 |     4 |     5 ||    38
  Eat: Chunk             |     3 |     5 |    15 |    27 |    41 |    29 |    37 |    29 |    14 ||   200
       Ration            |       |       |       |     1 |       |     5 |     4 |     7 |     6 ||    23
Armor: Leather armour    |    47 |    12 |     1 |       |       |       |       |       |       ||    60
       Ring mail         |    17 |    39 |       |       |       |       |       |       |       ||    56
       Skin              |       |    16 |       |       |       |       |       |       |       ||    16
       Chain mail        |       |       |    86 |       |       |       |       |       |       ||    86
       Pearl dragon scal |       |       |   139 |   345 |   427 |   473 |   622 |   663 |   430 ||  3099
Dodge: Dodged            |    91 |    84 |   178 |   246 |   655 |   851 |  1222 |  1257 |  1080 ||  5664
       Deflected         |       |       |     1 |    17 |    25 |   128 |    94 |    62 |    55 ||   382
Block: Other             |       |       |    59 |   192 |   422 |   473 |   593 |   576 |   373 ||  2688

Table legend:
 A = Spawn XP
 B = Non-spawn XP
 C = Spawn XP percentage of total XP
 D = Spawn monster count
 E = Non-spawn monster count
 F = Spawn count percentage of total count
 G = Total turns spent on level
                    A         B        C        D         E        F      G
               +---------+---------+-------+---------+---------+-------+---------
         Total |       0 | 1486864 |   0.0 |       0 |    2589 |   0.0 | 84443
               +---------+---------+-------+---------+---------+-------+---------
           D:1 |       0 |      47 |   0.0 |       0 |      24 |   0.0 |   951
           D:2 |       0 |      60 |   0.0 |       0 |      19 |   0.0 |  1055
           D:3 |       0 |     175 |   0.0 |       0 |      34 |   0.0 |   973
           D:4 |       0 |     515 |   0.0 |       0 |      17 |   0.0 |  1034
           D:5 |       0 |     714 |   0.0 |       0 |      22 |   0.0 |  1086
           D:6 |       0 |     673 |   0.0 |       0 |      60 |   0.0 |  1258
           D:7 |       0 |     868 |   0.0 |       0 |      17 |   0.0 |  1195
           D:8 |       0 |    2898 |   0.0 |       0 |      33 |   0.0 |   898
           D:9 |       0 |    6125 |   0.0 |       0 |      52 |   0.0 |  2937
          D:10 |       0 |   10163 |   0.0 |       0 |      44 |   0.0 |  3442
          D:11 |       0 |    4300 |   0.0 |       0 |      25 |   0.0 |  1194
          D:12 |       0 |    9053 |   0.0 |       0 |      51 |   0.0 |  1992
          D:13 |       0 |    9606 |   0.0 |       0 |      35 |   0.0 |  1250
          D:14 |       0 |   19979 |   0.0 |       0 |      41 |   0.0 |  1930
          D:15 |       0 |   32958 |   0.0 |       0 |      75 |   0.0 |  2076
        Lair:1 |       0 |    2926 |   0.0 |       0 |      16 |   0.0 |  1787
        Lair:2 |       0 |    5796 |   0.0 |       0 |      26 |   0.0 |  1217
        Lair:3 |       0 |    4897 |   0.0 |       0 |      16 |   0.0 |  1404
        Lair:4 |       0 |    6559 |   0.0 |       0 |      36 |   0.0 |  2211
        Lair:5 |       0 |   14895 |   0.0 |       0 |      65 |   0.0 |  1528
        Lair:6 |       0 |   11875 |   0.0 |       0 |      34 |   0.0 |  1301
      Shoals:1 |       0 |   15856 |   0.0 |       0 |      30 |   0.0 |  1359
      Shoals:2 |       0 |   12483 |   0.0 |       0 |      20 |   0.0 |  1036
      Shoals:3 |       0 |   29281 |   0.0 |       0 |      58 |   0.0 |  1421
      Shoals:4 |       0 |   43895 |   0.0 |       0 |      66 |   0.0 |  1877
       Snake:1 |       0 |   17201 |   0.0 |       0 |      38 |   0.0 |  1020
       Snake:2 |       0 |   16792 |   0.0 |       0 |      27 |   0.0 |  2261
       Snake:3 |       0 |   33673 |   0.0 |       0 |      52 |   0.0 |  2332
       Snake:4 |       0 |   65872 |   0.0 |       0 |     113 |   0.0 |  2923
       Slime:1 |       0 |   33055 |   0.0 |       0 |      33 |   0.0 |   623
       Slime:2 |       0 |   12762 |   0.0 |       0 |      22 |   0.0 |   189
       Slime:3 |       0 |   14412 |   0.0 |       0 |      34 |   0.0 |   303
       Slime:4 |       0 |   13850 |   0.0 |       0 |      14 |   0.0 |   540
       Slime:5 |       0 |   18211 |   0.0 |       0 |      20 |   0.0 |   142
         Orc:1 |       0 |     448 |   0.0 |       0 |       7 |   0.0 |   433
         Orc:2 |       0 |    9158 |   0.0 |       0 |      65 |   0.0 |  1343
         Elf:1 |       0 |   25146 |   0.0 |       0 |      50 |   0.0 |  1638
         Elf:2 |       0 |   40812 |   0.0 |       0 |      57 |   0.0 |  1698
         Elf:3 |       0 |   75033 |   0.0 |       0 |      67 |   0.0 |  2077
      Vaults:1 |       0 |   83812 |   0.0 |       0 |     123 |   0.0 |  3067
      Vaults:2 |       0 |   45675 |   0.0 |       0 |      90 |   0.0 |  2662
      Vaults:3 |       0 |   70670 |   0.0 |       0 |     113 |   0.0 |  3686
      Vaults:4 |       0 |  156956 |   0.0 |       0 |     189 |   0.0 |  4065
      Vaults:5 |       0 |   84948 |   0.0 |       0 |      79 |   0.0 |  1412
       Crypt:1 |       0 |   31699 |   0.0 |       0 |      58 |   0.0 |  1729
       Crypt:2 |       0 |   44750 |   0.0 |       0 |      55 |   0.0 |  1986
       Crypt:3 |       0 |   68718 |   0.0 |       0 |     103 |   0.0 |  2138
      Depths:1 |       0 |   35105 |   0.0 |       0 |      36 |   0.0 |  1204
      Depths:2 |       0 |   42952 |   0.0 |       0 |      50 |   0.0 |  1337
      Depths:3 |       0 |   62763 |   0.0 |       0 |      51 |   0.0 |  1409
      Depths:4 |       0 |   92022 |   0.0 |       0 |      83 |   0.0 |  2289
      Depths:5 |       0 |   42438 |   0.0 |       0 |      32 |   0.0 |  1056
           Lab |       0 |    1205 |   0.0 |       0 |       4 |   0.0 |   203
         Sewer |       0 |     129 |   0.0 |       0 |       8 |   0.0 |   211
               +---------+---------+-------+---------+---------+-------+---------

Table legend:
 A = Turns spent in this place as a percentage of turns spent in the entire game.
 B = Non-inter-level travel turns spent in this place as a percentage of non-inter-level travel turns spent in the entire game.
 C = Inter-level travel turns spent in this place as a percentage of turns spent in this place.
 D = Turns resting spent in this place as a percentage of non-inter-level travel turns spent in this place.
 E = Turns spent auto-exploring this place as a percentage of non-inter-level travel turns spent in this place.
 F = Non-inter-level travel turns spent in this place divided by the number of levels of this place that you've seen.
                   A       B       C       D       E      F
               +-------+-------+-------+-------+-------+----------------------
         Total | 100.0 | 100.0 |   9.6 |  28.5 |  29.0 | 1387.6
       Dungeon |  27.6 |  26.2 |  14.2 |  28.2 |  33.9 | 1331.9
        Temple |   0.1 |   0.1 |  21.8 |   0.0 |  93.0 |  43.0
          Lair |  11.2 |  10.3 |  16.6 |  26.5 |  41.6 | 1312.8
        Shoals |   6.7 |   7.0 |   6.7 |  28.2 |  22.9 | 1327.8
     Snake Pit |  10.1 |  10.6 |   5.6 |  34.5 |  32.4 | 2015.0
    Slime Pits |   2.1 |   2.3 |   0.6 |  35.5 |  20.4 | 357.4
  Orcish Mines |   2.1 |   2.0 |  13.9 |  24.8 |  24.9 | 765.0
   Elven Halls |   6.4 |   6.3 |  10.6 |  15.6 |  26.2 | 1613.0
        Vaults |  17.6 |  18.3 |   6.1 |  32.8 |  15.3 | 2798.2
         Crypt |   6.9 |   7.2 |   5.6 |  33.9 |  23.4 | 1842.0
        Depths |   8.6 |   9.1 |   4.6 |  21.4 |  39.6 | 1392.4
     Labyrinth |   0.2 |   0.3 |   0.0 |   0.0 |   0.0 | 203.0
         Sewer |   0.2 |   0.3 |   0.0 |  15.2 |  17.1 | 211.0
               +-------+-------+-------+-------+-------+----------------------

Vault maps used:
D:1:      dpeg_arrival_fog, serial_forest, infiniplex_forest_3_way,
          infiniplex_forest_clump_tiny, infiniplex_forest_clump_tiny,
          infiniplex_forest_lined_1, infiniplex_forest_lined_room_3,
          infiniplex_forest_side_room, infiniplex_forest_end_1
D:2:      fiery_altar_vehumet, elyvilon_altar_1,
          gammafunk_temple_overflow_elements, ashenzari_altar_1
D:3:      nicolae_overflow_hidden_temple, grunt_temple_overflow_open,
          gup_sewer_entry_bowl
D:4:      kennysheep_six_static_rooms, lemuel_old_faithful, uniq_eustachio
D:5:      minmay_temple_entry_statues, basic_altar, first_ration,
          grunt_ministairs_2, nrook_pool_corridor
D:6:      corexii_shantytown, basic_altar, serial_glass, glass_columns_b,
          glass_columns_a
D:7:      marbit_many_paths, nicolae_overflow_crystal_walls, old_standard_altar
D:8:      fedhas_altar_2, uniq_maurice, uniq_prince_ribbit1, uniq_joseph
D:9:      led_sif_book, serial_gnoll_camp, gnoll_camp_mini_sergeant,
          gnoll_camp_medium_01, gnoll_camp_mini_shop, gnoll_camp_mini_hut,
          hangedman_pestilent_swarm, roderic_roman_lattice, uniq_erolcha,
          uniq_psyche
D:10:     minmay_lair_entry_lava, nicolae_water_bricks, minivault_13
D:11:     basic_altar, serial_shops, nicolae_shop_trees,
          minmay_misc_feat_square, corner_web_ring, uniq_urug
D:12:     kennysheep_orc_monster_closet_entryway
D:13:     portal_ice_cave_entry_ice_beasts
D:14:     statuecave_lemuel, erik_vaults_2, lemuel_round_altar,
          minmay_statues_item, uniq_josephine
D:15:     grunt_enter_depths_magical_seal, lemuel_mausoleum_altar_yredelemnul
Temple:   eino_wide_crystal_templ
Lair:1:   lemuel_fruit_fields, serial_bayou_shore_a,
          infiniplex_staircase_pool_2, lemuel_fruit_fields, grunt_megastairs_2,
          lemuel_fruit_tree, uniq_grum
Lair:2:   grunt_forest_small_clearings
Lair:3:   elwin_shoals_entry_rooms, beast_lair_carwin_9
Lair:4:   guppyfry_snake_entry_garden, basic_altar, grunt_megastairs_4
Lair:5:   regret_index_wax_grids, slime_altar_1, minivault_27,
          grunt_forest_stairs_basic
Lair:6:   wormcave
Shoals:1: uniq_donald
Shoals:2: nicolae_shoals_this_corrosion, uniq_polyphemus
Shoals:3: nicolae_shoals_circle_sea_wall, regret_index_shoals_crete
Shoals:4: shoals_end_grunt_ice, shoals_ilsuiw_ice, hangedman_feature_mirror
Snake:1:  serial_shops, shop_fountains, minmay_shop_grove
Snake:2:  serial_shops, nicolae_shop_overgrown_old_shop, uniq_aizul, uniq_kirke
Snake:3:  basic_altar, st_stairs_11, minmay_shop_grid_forest,
          nrook_loot_triangle
Snake:4:  snake_pit_salamanders_mu, st_stairs_5, uniq_nikola, uniq_bai_suzhen
Slime:2:  uniq_dissolution
Slime:4:  nicolae_slime_ancient_tower_intersection
Orc:2:    grunt_orc_tribal_feast, lab_entry_generic
Elf:1:    serial_shops, nicolae_shop_stone, shop, shop, shop, shop, orc_legates
Elf:2:    minivault_5, st_stairs_1, uniq_roxanne
Elf:3:    minmay_elf_hall_four_x, nicolae_rare_books, grunt_megastairs_5,
          uniq_jorgrun
Vaults:1: vaults_dpeg_cross, vaults_dpeg_hooks, vaults_room_corners,
          vaults_room_fours, vaults_standard_mumra_enter_the_diamond,
          nicolae_vaults_specimen_jars, v_misc_17,
          kennysheep_vaults_gozag_temple, ontoclasm_vaults_spin,
          nicolae_vaults_mini_display_case, v_misc_30, serial_shops,
          nicolae_shop_trees
Vaults:2: v_misc_11, nicolae_vaults_circle_grid_b, grunt_vaults_focal,
          nicolae_vaults_circle_grid_b, st_cross, v_misc_28,
          nicolae_vaults_stairing_the_circle, v_misc_9, v_misc_14,
          vaults_room_semicircle, v_pattern_4, ontoclasm_vaults_eye,
          vaults_room_pools
Vaults:3: nicolae_vaults_what_the_h, v_rooms_4, minmay_crypt_entry_necro_gods,
          vaults_room_pools, nicolae_vaults_network_barrier,
          dpeg_vaults_monster_box, v_misc_28, ontoclasm_vaults_ring_small,
          hangedman_vaults_variations, ontoclasm_vaults_fault,
          ontoclasm_vaults_pinch, vaults_room_semicircle, v_misc_17,
          ontoclasm_vaults_ring_small, v_misc_14, uniq_asterion, uniq_jory
Vaults:4: vaults_room_octagon, nicolae_vaults_network_star, v_misc_19,
          hangedman_vaults_pinch, nicolae_vaults_arrows, vaults_room_corners,
          nicolae_vaults_big_angled_halls, hangedman_vaults_stretched_pinwheel,
          vaults_mumra_chevron, v_misc_10, serial_ice_m,
          nicolae_vaults_branching_niches, vaults_room_pools,
          hangedman_vaults_capsules, vaults_dpeg_encased_lava, v_misc_19
Crypt:1:  grunt_crypt_arrival_guarded_gate, grunt_megastairs_1
Crypt:3:  church_of_pain_bobbens, nicolae_tomb_entry_unfolded_pyramid_orthogonal
Depths:1: pf_hell_entry_tar_river, hangedman_abyss_entry_splay, minmay_orc_keep,
          infiniplex_staircase_pool_lava
Depths:2: minmay_outward_triangles, hangedman_coc_ice_floe, pan_entry,
          nicolae_two_hexagons, minmay_shoptagon,
          infiniplex_staircase_pillars_2, basic_stair_grate_trap
Depths:3: evilmike_pillar_path, enter_ziggurat_b, nrook_mini_vaults, hell_entry,
          pan_entry, infiniplex_staircase_zigzag_3, kennysheep_random_hallway,
          minmay_shop_star
Depths:4: minmay_quarter_circles, grunt_hell_entry_dis_old, abyss_entry,
          basic_stair_grate_trap, firewood_loft, minmay_staircase_windowed_large
Depths:5: evilmike_zot_entry_hall, hell_entry, lemuel_crystal_altar,
          roderic_lattice_octagonal_star, serial_bayou_shore_b, uniq_sojobo
Lab:      labyrinth_spiral, labyrinth_skeletal_remains, nicolae_lab_arrow
Sewer:    sewer_co_purgy_island
